 Dungeon Crawl Stone Soup version 0.25-a0-523-g9afb2ee040 (webtiles) character file.

Game seed: 4557525268999656385, levelgen mode: deterministic

137 LairdRich the Chopper (level 5, -11/70 HPs)
             Began as a Minotaur Berserker on Feb 18, 2020.
             Was a Believer of Trog.
             Mangled by an ogre
             ... wielding a +0 giant club
              (19 damage)
             ... on level 4 of the Dungeon.
             The game lasted 00:05:36 (2195 turns).

LairdRich the Chopper (Minotaur Berserker)          Turns: 2195, Time: 00:05:37

Health: -11/70     AC:  5    Str: 27    XL:     5   Next: 0%
Magic:  4/4        EV: 12    Int:  4    God:    Trog [**....]
Gold:   137        SH:  0    Dex: 10    Spells: 4/4 levels left

rFire    . . .     SeeInvis .   f - +2 flail (vorpal)
rCold    . . .     Gourm    .   (no shield)
rNeg     . . .     Faith    .   i - +0 ring mail
rPois    .         Spirit   .   (helmet restricted)
rElec    .         Reflect  .   g - scarf {cloud immunity}
rCorr    .         Harm     .   (no gloves)
MR       .....                  (no boots)
Stlth    ..........             (no amulet)
HPRegen  0.21/turn              t - ring of attention (curse)
MPRegen  0.09/turn              (no ring)

@: berserking (expiring), lethally poisoned (-11 -> -13), very quick
A: retaliatory headbutt, horns 2
a: Berserk, Trog's Hand, Renounce Religion


You were on level 4 of the Dungeon.
You worshipped Trog.
Trog was pleased with you.
You were near starving.

You visited 1 branch of the dungeon, and saw 4 of its levels.

You collected 137 gold pieces.

Inventory:

Hand Weapons
 a - a +0 hand axe
 f - a +2 vorpal flail (weapon)
Armour
 b - a +0 animal skin
 g - a scarf of cloud immunity (worn)
 i - a +0 ring mail (worn)
Jewellery
 t - a cursed ring of attention (left hand)
Scrolls
 d - 2 scrolls of enchant weapon {unknown}
 e - 6 scrolls of teleportation {unknown}
 h - a scroll of noise {unknown}
 j - a scroll of random uselessness {unknown}
 l - 3 scrolls of amnesia {unknown}
 m - 2 scrolls of fear {unknown}
 n - a scroll of fog {unknown}
 p - a scroll of immolation {unknown}
 s - a scroll of remove curse {unknown}
 u - 2 scrolls of enchant armour {unknown}
 v - a scroll of identify {unknown}
Potions
 k - 2 potions of magic {unknown}
 o - a potion of resistance {unknown}
 q - a potion of lignification {unknown}
 r - a potion of mutation {unknown}
 w - 2 potions of heal wounds {unknown}
Comestibles
 c - 4 rations


   Skills:
 + Level 4.4 Fighting
 * Level 5.2 Axes
 + Level 3.4 Armour
 + Level 3.1 Dodging


You had 4 spell levels left.
You didn't know any spells.
Your spell library was empty.

Dungeon Overview and Level Annotations

Branches:
Dungeon (4/15)
 Temple: D:4-7

Altars:
Cheibriados
Okawaru


Innate Abilities, Weirdness & Mutations

You reflexively headbutt those who attack you in melee.
You have a pair of horns on your head.


Message History

A red film seems to cover your vision as you go berserk!
You feel yourself moving faster!
You feel mighty!
You are near starving!
You are too injured to fight recklessly!
You are too injured to fight recklessly!
You feel a strong urge to attack something.
The ogre hits you with a +0 giant club!
* * * LOW HITPOINT WARNING * * *
The orc hits you from afar with a +0 trident!
* * * LOW HITPOINT WARNING * * *
Things that are here:
a short sword; a frilled lizard corpse You feel sick.
You are too injured to fight recklessly!
You are too injured to fight recklessly!
You are too injured to fight recklessly!
You are too injured to fight recklessly!
You feel your anger nearly subside.
The ogre hits you with a +0 giant club!!
You die...

.... ## #.... .##
. #... ..# .. #
#... ####..#..#
..##..##.......##
................#
....!...)@......#
........Oo†......
..._......†......
..........?......
.....)...........
...............##
##.?............#
#.....#####.....
#.##.. #...#


You could see an ogre and an orc.

Vanquished Creatures
  A worker ant (D:4)
  A howler monkey skeleton (D:2)
  3 adders
  An ooze (D:1)
  A worm (D:2)
  4 dart slugs
  2 leopard geckos
  5 orcs
  9 bats
  2 giant cockroaches
  3 hobgoblins (D:1)
  A quokka (D:3)
  6 frilled lizards
  6 goblins
  2 kobolds
  10 rats
57 creatures vanquished.

Notes
Turn   | Place    | Note
-------+----------+-------------------------------------------
     0 | D:1      | LairdRich the Minotaur Berserker began the quest for the
                  | Orb.
     0 | D:1      | Reached XP level 1. HP: 19/19 MP: 0/0
   108 | D:1      | Reached XP level 2. HP: 27/27 MP: 1/1
   138 | D:1      | Reached skill level 4 in Axes
   475 | D:1      | Reached XP level 3. HP: 31/33 MP: 2/2
   728 | D:2      | Reached ** piety under Trog
  1069 | D:2      | Reached XP level 4. HP: 39/40 MP: 3/3
  1125 | D:2      | Found an iron altar of Okawaru.
  1573 | D:3      | HP: 2/40 [orc/+2 vorpal flail (2)]
  2102 | D:3      | Reached skill level 5 in Axes
  2181 | D:4      | Found a snail-covered altar of Cheibriados.
  2184 | D:4      | Noticed an ogre
  2189 | D:4      | Reached XP level 5. HP: 31/47 MP: 4/4
  2195 | D:4      | Mangled by an ogre

Levels and vault maps discovered:
D:1:      kilobyte_arrival_exit_the_forest, layout_basic
D:2:      layout_rooms, okawaru_gym_becter, wad_orctagon
D:3:      layout_rooms, first_ration, bh_walls_and_bars
D:4:      layout_cave_pools, cheibriados_altar_1,
          gammafunk_temple_overflow_elements, st_stairs_5

Skill      XL: |  1  2  3  4 |
---------------+-------------+-----
Axes           | 4 5 |  5.2
Fighting       | 4 |  4.4
Armour         | 3 |  3.4
Dodging        | 3 |  3.1

Action                   |  1- 3 |  4- 6 || total
-------------------------+-------+-------++-------
Melee: Hand axe          |    64 |    23 ||    87
       Headbutt          |    13 |     3 ||    16
       Flail             |       |    26 ||    26
Invok: Berserk           |       |     1 ||     1
  Eat: Chunk             |     1 |     2 ||     3
Armor: Animal skin       |     6 |       ||     6
       Ring mail         |    13 |    28 ||    41
Dodge: Dodged            |    35 |    41 ||    76

Table legend:
 A = Non-vault XP
 B = Vault XP
 C = Vault XP percentage of total XP
 D = Non-vault monster count
 E = Vault monster count
 F = Vault count percentage of total count
                 A         B        C        D         E       F
            +---------+---------+-------+---------+---------+-------
      Total |     184 |      12 |   6.1 |      53 |       4 |   7.0
            +---------+---------+-------+---------+---------+-------
        D:1 |      41 |       0 |   0.0 |      19 |       0 |   0.0
        D:2 |      51 |      12 |  19.0 |      11 |       4 |  26.7
        D:3 |      42 |       0 |   0.0 |      19 |       0 |   0.0
        D:4 |      50 |       0 |   0.0 |       4 |       0 |   0.0
            +---------+---------+-------+---------+---------+-------
